 Dungeon Crawl Stone Soup version 0.21.1-1-g345015f (webtiles) character file.

78 sking99 the Insei (level 4, 0/32 HPs)
             Began as a Merfolk Transmuter on June 24, 2018.
             Was an Initiate of Elyvilon.
             Slain by a goblin
             ... wielding a +0 club
              (4 damage)
             ... on level 2 of the Dungeon.
             The game lasted 00:03:58 (1200 turns).

sking99 the Insei (Merfolk Transmuter)              Turns: 1200, Time: 00:03:59

Health: 0/32       AC:  2    Str: 10    XL:     4   Next: 36%
Magic:  3/7        EV: 13    Int: 13    God:    Elyvilon [......]
Gold:   49         SH:  0    Dex: 14    Spells: 4/7 levels left

rFire    . . .     SeeInvis .     - Unarmed
rCold    . . .     Gourm    .   (no shield)
rNeg     . . .     Faith    .   b - +0 robe
rPois    .         Spirit   .   (no helmet)
rElec    .         Reflect  .   (no cloak)
rCorr    .         Harm     .   (no gloves)
MR       .....                  (no boots)
Stlth    +.........             (no amulet)
HPRegen  0.10/turn              (no ring)
MPRegen  0.10/turn              (no ring)

@: no status effects
A: change form in water, swift swim, stealthy swim
a: Renounce Religion


You were on level 2 of the Dungeon.
You worshipped Elyvilon.
Elyvilon was noncommittal.
You were near starving.

You visited 1 branch of the dungeon, and saw 2 of its levels.

You collected 49 gold pieces.

Inventory:

Missiles
 a - 6 arrows (quivered)
Armour
 b - a +0 robe (worn)
Jewellery
 i - a cursed -3 ring of intelligence {unknown}
Scrolls
 e - a scroll of teleportation {unknown}
 g - 2 scrolls of enchant weapon {unknown}
Potions
 h - 2 potions of curing {unknown}
Books
 c - a book of Changes

   Spells                             Type                      Level
   a - Beastly Appendage              Transmutation                1
   b - Sticks to Snakes               Transmutation                2
   c - Spider Form                    Transmutation/Poison         3
   d - Ice Form                       Ice/Transmutation            4
   e - Blade Hands                    Transmutation                5
Comestibles
 d - 2 rations


   Skills:
 - Level 1.3 Fighting
 - Level 2.6 Dodging
 + Level 5.5 Unarmed Combat
 - Level 2.0 Spellcasting
 - Level 2.6 Transmutations


You had 4 spell levels left.
You knew the following spells:

 Your Spells              Type           Power        Failure   Level  Hunger
a - Beastly Appendage     Tmut           #.....       9%          1    ##.....
b - Sticks to Snakes      Tmut           #.......     13%         2    ###....


Dungeon Overview and Level Annotations

Branches:
Dungeon (2/15)

Altars:
Elyvilon


Message History

A kobold comes into view.
You hit the frilled lizard.
You kill the frilled lizard!
The bat barely misses you. The bat hits you.
You hit the goblin but do no damage. The goblin hits you with a club.
* * * LOW HITPOINT WARNING * * *
The bat misses you. The bat closely misses you. The bat hits you.
* * * LOW HITPOINT WARNING * * *
The bat hits you but does no damage.
You closely miss the bat. The bat hits you.
* * * LOW HITPOINT WARNING * * *
The bat barely misses you.
You closely miss the bat. The bat hits you.
* * * LOW HITPOINT WARNING * * *
The bat barely misses you. The bat closely misses you.
The goblin hits you with a club.
You die...

#.#...# ##..... .........S
.....# .........# #....#
.......S.####....#
.............#..#..†.#
.............#...K...#
.............#.##b#..#
..<...(....†.#..@g#..#
#...###......######..#
≈...≈≈#..............#
.÷♣..≈#.......######>#
÷...........(.# ...
♣._.♣...#####'# .....
.......##.......# ......
..♣..≈##...S....... ......
≈...≈≈##.....(.....#......


You could see a goblin, a bat and a kobold.

Vanquished Creatures
  3 adders (D:2)
  2 dart slugs (D:1)
  A leopard gecko (D:1)
  2 ball pythons (D:2)
  A giant cockroach (D:1)
  2 goblins
  2 hobgoblins (D:1)
  5 jackals (D:1)
  A bat (D:2)
  2 frilled lizards (D:2)
  5 kobolds
  2 rats (D:1)
28 creatures vanquished.

Vanquished Creatures (collateral kills)
  2 adders (D:2)
  A hobgoblin (D:2)
  2 jackals (D:1)
5 creatures vanquished.

Grand Total: 33 creatures vanquished

Notes
Turn   | Place    | Note
-------+----------+-------------------------------------------
     0 | D:1      | sking99 the Merfolk Transmuter began the quest for the Orb.
     0 | D:1      | Reached XP level 1. HP: 15/15 MP: 3/3
   234 | D:1      | Reached XP level 2. HP: 17/21 MP: 3/5
   289 | D:1      | Learned a level 2 spell: Sticks to Snakes
   429 | D:1      | Reached skill level 4 in Unarmed Combat
   681 | D:1      | Reached XP level 3. HP: 25/26 MP: 4/6
   861 | D:1      | You fall through a shaft!
   878 | D:2      | Found a white marble altar of Elyvilon.
   899 | D:2      | Reached skill level 5 in Unarmed Combat
  1112 | D:2      | Became a worshipper of Elyvilon the Healer
  1154 | D:2      | Reached XP level 4. HP: 19/32 MP: 1/7
  1200 | D:2      | Slain by a goblin

Skill      XL: |  1  2  3 |
---------------+----------+-----
Unarmed Combat | 4 5 |  5.5
Fighting       | |  1.3
Dodging        | |  2.6
Spellcasting   | |  2.0
Transmutations | |  2.6

Action                   |  1- 3 |  4- 6 || total
-------------------------+-------+-------++-------
Melee: Unarmed           |    80 |    16 ||    96
       Headbutt          |     6 |       ||     6
 Cast: Beastly Appendage |    10 |       ||    10
       Sticks to Snakes  |     5 |     1 ||     6
 Stab: Sleeping          |     1 |       ||     1
Armor: Robe              |    16 |     1 ||    17
Dodge: Dodged            |    52 |    18 ||    70
